 Dungeon Crawl Stone Soup version 0.28.0-47-ge53b351184 (console) character file.

Game seed: 3507916874585540767

81017 Cab the Severer (level 15, 0/111 HPs)
             Began as a Demonspawn Fighter on May 4, 2022.
             Was a High Priest of Hepliaklqana.
             Slain by a shard shrike (5 damage)
             ... in an ice cave.
             The game lasted 01:35:41 (23756 turns).

Cab the Severer (Demonspawn Fighter)               Turns: 23756, Time: 01:35:42

Health: 0/111      AC: 29    Str: 30    XL:     15   Next: 25%
Magic:  15/15      EV: 10    Int: 14    God:    Hepliaklqana [*****.]
Gold:   1582       SH:  0    Dex: 21    Spells: 14/14 levels left

rFire   + + .      SeeInvis .   R - +6 battleaxe {drain, Str+4}
rCold   + + +      Faith    .   (shield currently unavailable)
rNeg    + + .      Spirit   .   c - +4 scale mail {rPois}
rPois   +          Reflect  .   (helmet restricted)
rElec   .          Harm     .   X - scarf {rC+ rF+}
rCorr   .          Rampage  .   T - +0 pair of fencer's gloves {Riposte Dex+3}
Will    +....                   D - +2 pair of boots
Stlth   ..........              n - amulet of the acrobat
HPRegen 0.28/turn               O - ring of Lugonu's Generosity {rC++ Str+2 Int+4 Dex+6}
MPRegen 0.28/turn               o - ring of Ciyntasch {*Corrode rF+ rC+ rN++}

@: confused, ambrosia-drunk, frozen, very slow
A: reduced essence, horns 2, icemail 2, magic regeneration, sharp scales 3,
condensation shield, corrupting presence 2
a: Renounce Religion, Recall Ancestor, Ancestor Identity, Transference, Idealise


You were in an ice cave.
You worshipped Hepliaklqana.
Hepliaklqana was extremely pleased with you.
You visited 3 branches of the dungeon, and saw 22 of its levels.
You also visited: Gauntlet and Ice Cave.

You collected 1582 gold pieces.

Inventory:

Hand Weapons
 a - a +1 war axe of protection
 y - a +0 mace
 R - the +6 battleaxe of Conformity (weapon) {drain, Str+4}
   (You found it in a Gauntlet)

   A truly terrible weapon, it drains the life of any living foe it strikes.
   Str:       It affects your strength (+4).
Missiles
 h - 13 poisoned darts (quivered)
 t - a throwing net
 H - 5 atropa-tipped darts
Armour
 c - a +4 scale mail of poison resistance (worn)
 m - a +0 chain mail of cold resistance
 D - a +2 pair of boots (worn)
 T - the +0 pair of fencer's gloves (worn) {Riposte Dex+3}
   (You found it on level 12 of the Dungeon)

   It allows the wearer to riposte with melee weapons, swiftly retaliating
   against missed attacks.
   Dex:       It affects your dexterity (+3).
 X - a scarf of resistance (worn)
Jewellery
 n - an amulet of the acrobat (around neck)
 o - the ring of Ciyntasch (right hand) {*Corrode rF+ rC+ rN++}
   (You found it on level 6 of the Dungeon)

   [ring of protection from cold]

   rF:        It protects you from fire.
   rC:        It protects you from cold.
   rN:        It greatly protects you from negative energy.
   *Corrode:  It may corrode you when you take damage.
 q - a ring of resist corrosion
 s - a ring of flight
 C - an amulet of reflection
 E - a +4 ring of slaying
 L - a ring of flight
 O - the ring of Lugonu's Generosity (left hand) {rC++ Str+2 Int+4 Dex+6}
   (You found it on level 6 of the Lair of Beasts)

   [ring of dexterity]

   Str:       It affects your strength (+2).
   Int:       It affects your intelligence (+4).
   Dex:       It affects your dexterity (+6).
   rC:        It greatly protects you from cold.
 Q - a ring of see invisible
 S - a +4 ring of evasion
 U - a ring of positive energy
 V - a ring of protection from cold
Wands
 b - a wand of flame (28)
 v - a wand of acid (12)
 w - a wand of polymorph (14)
 G - a wand of iceblast (9)
 I - a wand of paralysis (3)
 K - a wand of digging (13)
 W - a wand of charming (4)
Scrolls
 j - 3 scrolls of summoning
 k - 5 scrolls of blinking
 p - 3 scrolls of identify
 r - 12 scrolls of teleportation
 u - 7 scrolls of fear
 A - 2 scrolls of fog
 B - 4 scrolls of enchant weapon
 F - 2 scrolls of amnesia
 N - a scroll of silence
 P - a scroll of brand weapon
Potions
 d - 5 potions of brilliance
 e - 2 potions of heal wounds
 f - 12 potions of curing
 g - 2 potions of resistance
 i - 2 potions of mutation
 l - a potion of might
 x - 4 potions of flight
 z - a potion of ambrosia
Miscellaneous
 J - a phantom mirror
 M - a phial of floods


   Skills:
 + Level 13.5 Fighting
 + Level 19.2 Axes
 + Level 1.3 Throwing
 + Level 11.2 Armour
 + Level 0.2 Dodging
 - Level 2.6 Shields
 - Level 1.0 Evocations


You had 14 spell levels left.
You didn't know any spells.
Your spell library contained the following spells:

 Spells                   Type           Power      Damage    Failure   Level
 Animate Skeleton         Necr           0%         N/A       45%         1
 Apportation              Tloc           0%         N/A       45%         1
 Magic Dart               Conj           0%         1d3       45%         1
 Pain                     Necr           0%         1d4       45%         1
 Shock                    Conj/Air       0%         1d3       45%         1
 Summon Small Mammal      Summ           0%         N/A       45%         1
 Blink                    Tloc           0%         N/A       61%         2
 Corpse Rot               Necr/Air       0%         N/A       61%         2
 Searing Ray              Conj           0%         2d4       61%         2
 Call Canine Familiar     Summ           0%         N/A       83%         3
 Dazzling Flash           Conj/Hex       0%         N/A       83%         3
 Inner Flame              Hex/Fire       0%         N/A       83%         3
 Portal Projectile        Hex/Tloc       0%         N/A       83%         3
 Swiftness                Air            0%         N/A       83%         3
 Vampiric Draining        Necr           0%         2d6       83%         3
 Airstrike                Air            0%         N/A       99%         4
 Cause Fear               Hex            0%         N/A       99%         4
 Fulminant Prism          Conj/Hex       0%         3d6       99%         4
 Iskenderun's Mystic Bla  Conj/Tloc      0%         2d3       99%         4
 Leda's Liquefaction      Hex/Erth       0%         N/A       99%         4
 Summon Lightning Spire   Summ/Air       0%         N/A       99%         4
 Agony                    Necr           0%         N/A       100%        5
 Fireball                 Conj/Fire      0%         3d3       100%        5
 Freezing Cloud           Conj/Ice/Air   0%         6-21      100%        5
 Lightning Bolt           Conj/Air       0%         1d11      100%        5
 Manifold Assault         Tloc           0%         N/A       100%        5
 Silence                  Hex/Air        0%         N/A       100%        5
 Iron Shot                Conj/Erth      0%         9d1       100%        6
 Starburst                Conj/Fire      0%         6d3       100%        6
 Storm Form               Tmut/Air       0%         N/A       100%        7
 Summon Hydra             Summ           0%         N/A       100%        7
 Borgnjor's Revivificati  Necr           0%         N/A       100%        8
 Discord                  Hex            0%         N/A       100%        8
 Ignition                 Fire           0%         3d3       100%        8
 Maxwell's Capacitive Co  Air            0%         ∞         100%        8
 Fire Storm               Conj/Fire      0%         5d1       100%        9


Dungeon Overview and Level Annotations

Branches:
Dungeon (15/15)            Temple (1/1) D:7            Lair (6/6) D:10
 Shoals (0/4) Lair:3       Spider (0/4) Lair:2        Slime (0/5) Lair:6
    Orc (0/2) D:12          IceCv (1/1)             Gauntlet (visited)
 Vaults: D:13-14     Depths: D:15

Altars:
Ashenzari
Cheibriados
Dithmenos
Elyvilon
Hepliaklqana
Kikubaaqudgha
Nemelex Xobeh
Sif Muna
Xom
The Shining One
Beogh
Jiyva

Shops:
D:1 *?(!   D:9 ?

Portals:
Trove: D:12 (give +6 demon blade)


Innate Abilities, Weirdness & Mutations

Your life essence is reduced to manifest your ancestor. (-10% HP)
You have a pair of horns on your head.
A meltable icy envelope protects you from harm. (AC +8)
You regenerate magic rapidly.
You are completely covered in razor-sharp scales. (AC +3, Slay +3)
A meltable shield of frost defends you. (SH +4)
Your presence sometimes corrodes or deforms those you injure.


Message History

Here: a red ugly thing The floor.
You carve the red ugly thing like a ham!!!
The red ugly thing basks in the mutagenic energy and changes!
You drain the white ugly thing!
You kill the white ugly thing!
The shard shrike spits a shard of ice at you.
The shard of ice hits you!! You partially resist.
* * * LOW HITPOINT WARNING * * *
Press: ? - help, v - describe, . - travel, g - get item Item here: an ugly thing corpse.
The floor, spattered with blood.
You bump into the ice covered rock wall.
You bump into the ice covered rock wall.
The shard shrike claws you but does no damage.
The ironbound frostheart calls freezing cold from the walls.
The frost grips you. You partially resist.
You are encased in ice.
You hit the shard shrike. You drain the shard shrike.
The shard shrike is severely wounded.
The shard shrike claws you! The shard shrike freezes you. You resist.
* * * LOW HITPOINT WARNING * * *
You feel much better.
The shard shrike screeches!
The shard shrike claws you! The shard shrike freezes you. You resist.
The shard shrike claws you. The shard shrike freezes you. You resist.
* * * LOW HITPOINT WARNING * * *
The ironbound frostheart calls freezing cold from the walls.
The frost grips you! You partially resist.
* * * LOW HITPOINT WARNING * * *
Press: ? - help, v - describe, . - travel, g - get item
Here: a shard shrike (severely wounded, misshapen and mutated, lightly drained) Item here: an ugly thing corpse.
The floor, spattered with blood.
You bump into the ice covered rock wall.
The shard shrike claws you but does no damage.
The shard shrike claws you.
* * * LOW HITPOINT WARNING * * *
The shard shrike freezes you. You resist.
You die...

≈≈≈≈ ▒p∙ ▒▒∙∙ ▒▒∙∙ ▒∙∙▒
▒≈≈≈▒▒▒∙▒▒▒▒
≈≈≈≈≈≈▒[%∙∙▒▒▒ ▒▒▒
≈≈≈≈≈≈≈▒∙▒▒∙∙▒▒▒▒▒∙▒▒▒
≈≈≈≈≈≈≈≈b∙▒∙▒p∙▒▒∙▒∙∙▒▒▒
≈≈≈≈≈≈▒▒∙▒▒▒▒▒▒b@▒▒▒▒∙∙▒
≈≈≈≈≈≈≈▒▒▒ ▒▒▒▒▒▒▒ ▒∙∙▒▒▒
▒≈≈≈≈≈≈≈▒▒▒▒∙∙∙▒▒▒ ▒▒∙∙∙▒▒
%≈≈▒▒▒▒▒▒∙∙∙∙▒∙∙∙▒▒▒[∙⌠∙∙▒
[▒▒%∙▒▒∙∙∙∙∙▒▒▒▒∙∙▒▒▒∙∙∙▒▒
▒▒▒▒▒∙%∙∙∙∙▒▒ ▒▒∙∙∙)∙∙▒▒
▒▒▒▒▒▒▒▒ ▒▒▒▒▒▒▒▒


You could see a shard shrike (misshapen, drained) and an ironbound frostheart.

Vanquished Creatures
  A minotaur (Gauntlet)
  The ghost of Quickbrownfox the Slinger, a journeyman DsIE of Vehumet (D:12)
  A white draconian (IceCv)
  The ghost of Cuirinieja the Thaumaturge, a journeyman DECj of Sif Muna (Lair:5)
  2 dire elephants
  8 hydras
  Harold (D:7)
  The ghost of Allula97 the Slicer, a journeyman DsWr of Ashenzari (Lair:1)
  2 ice dragons (IceCv)
  A boulder beetle (D:13)
  2 catoblepae
  A centaur warrior (D:14)
  An ironbound frostheart (IceCv)
  A two-headed ogre (D:8)
  A deep troll shaman (Lair:6)
  5 death yaks (Lair:6)
  Urug (Lair:2)
  A spriggan simulacrum (D:14)
  An orange crystal statue (IceCv)
  A cyclops (D:14)
  20 ugly things
  16 elephants
  A smoke demon (Gauntlet)
  4 black mambas
  A gargoyle (D:14)
  7 cane toads
  2 unseen horrors
  18 rime drakes
  2 anaconda simulacra (D:14)
  4 komodo dragons
  A queen bee (shapeshifter) (D:13)
  An entropy weaver simulacrum (D:14)
  2 merfolk (Lair:3)
  20 polar bears
  16 blink frogs
  A large abomination (Gauntlet)
  2 hornets (Lair:3)
  A water elemental (D:14)
  A dire elephant simulacrum (D:14)
  A wraith (D:9)
  3 shadows
  2 wyverns
  29 yaks
  13 vampire mosquitoes
  2 steam dragons
  3 basilisks
  A minotaur simulacrum (D:14)
  3 wargs
  An acid dragon (D:9)
  Duvessa (D:4)
  13 water moccasins
  6 orc warriors
  A sky beast (D:7)
  A hornet zombie (D:8)
  5 black bears
  An ice beast (D:4)
  A necrophage (D:7)
  4 ogres
  14 wolves
  3 centaurs
  A phantom (D:5)
  3 small abominations (Gauntlet)
  2 kobold brigands
  A gnoll sergeant (D:10)
  8 bullfrogs
  Blork the orc (D:6)
  2 scorpions (D:6)
  A wyvern zombie (D:6)
  A wyvern skeleton (D:7)
  2 deep troll simulacra (D:14)
  A water moccasin skeleton (D:4)
  Dowan (D:4)
  4 killer bees (D:11)
  9 howler monkeys
  2 crimson imps (Gauntlet)
  2 bullfrog zombies (D:6)
  3 centaur zombies
  2 gnoll shamans
  15 orc priests
  A centaur skeleton (D:6)
  3 hounds
  Jessica (D:3)
  Natasha (thrice) (D:3)
  3 iguanas
  10 orc wizards
  A scorpion zombie (D:5)
  Terence (D:3)
  4 hell rats (Lair:5)
  A hound zombie (D:4)
  A howler monkey zombie (D:9)
  13 gnolls
  3 adders
  2 white imps (D:7)
  An ufetubus (D:4)
  2 worms (D:2)
  2 dart slugs
  33 orcs
  5 ball pythons (D:1)
  4 bats
  An endoplasm (D:2)
  5 giant cockroaches
  14 goblins
  6 hobgoblins
  10 jackals
  3 frilled lizards
  10 kobolds
  3 rats (D:1)
469 creatures vanquished.

Vanquished Creatures (collateral kills)
  3 hydras
  A catoblepas (Lair:5)
  A two-headed ogre (D:13)
  2 ugly things
  A centaur zombie (D:10)
  2 merfolk sirens (Lair:3)
  7 elephants
  5 cane toads
  A kobold demonologist (D:11)
  A komodo dragon (Lair:1)
  A polar bear (IceCv)
  2 blink frogs
  7 yaks
  A vampire mosquito (D:11)
  3 water moccasins
  2 orc warriors
  A black bear (Lair:2)
  4 wolves
  2 bullfrogs
  An electric eel (Lair:2)
  A crimson imp (Gauntlet)
  An orc wizard (D:10)
  2 gnolls (D:10)
  An orc (D:10)
  A kobold (D:11)
  A fire vortex (Lair:3)
55 creatures vanquished.

Vanquished Creatures (others)
  An ancestor (D:9)
  12 hexers
  A bush (D:7)
  20 fungi
  78 plants
  14 withered plants (Gauntlet)
126 creatures vanquished.

Grand Total: 650 creatures vanquished

Notes
Turn   | Place    | Note
-------+----------+-------------------------------------------
     0 | D:1      | Cab the Demonspawn Fighter began the quest for the Orb.
     0 | D:1      | Reached XP level 1. HP: 18/18 MP: 1/1
    19 | D:1      | Found Afataafou's Assorted Antiques.
    63 | D:1      | Reached skill level 2 in Axes
   100 | D:1      | Found Syguag's Magic Scroll Shoppe.
   103 | D:1      | Found Xiorenim's Weapon Shop.
   236 | D:1      | Gained mutation: You regenerate magic rapidly. [demonic
                  | ancestry]
   236 | D:1      | Reached XP level 2. HP: 23/24 MP: 2/2
   288 | D:1      | Found a faded altar of an unknown god.
   629 | D:1      | Found Migytapt's Distillery.
   886 | D:2      | Reached skill level 3 in Axes
  1005 | D:2      | Gained mutation: You are partially covered in razor-sharp
                  | scales. (AC +1, Slay +1) [demonic ancestry]
  1005 | D:2      | Reached XP level 3. HP: 29/29 MP: 3/3
  2159 | D:3      | Noticed Terence
  2454 | D:2      | Reached XP level 4. HP: 9/35 MP: 4/4
  2690 | D:3      | Reached skill level 4 in Axes
  2986 | D:3      | Gained mutation: You are mostly covered in razor-sharp
                  | scales. (AC +2, Slay +2) [demonic ancestry]
  2986 | D:3      | Reached XP level 5. HP: 41/41 MP: 5/5
  3008 | D:3      | Noticed Jessica
  3014 | D:3      | Killed Jessica
  3015 | D:3      | Reached skill level 5 in Axes
  3139 | D:3      | Noticed Natasha
  3146 | D:3      | Killed Natasha
  3175 | D:3      | Killed Terence
  3632 | D:3      | Noticed Natasha
  3645 | D:3      | Killed Natasha
  3646 | D:3      | Gained mutation: You have a pair of small horns on your
                  | head. [demonic ancestry]
  3646 | D:3      | Reached XP level 6. HP: 32/47 MP: 6/6
  3661 | D:3      | Noticed Natasha
  3668 | D:3      | Killed Natasha
  3746 | D:4      | Reached skill level 6 in Axes
  4189 | D:4      | Noticed Duvessa
  4210 | D:4      | Noticed Dowan
  4216 | D:4      | Killed Duvessa
  4217 | D:4      | Reached skill level 1 in Throwing
  4219 | D:4      | Killed Dowan
  4220 | D:4      | Gained mutation: A meltable shield of frost defends you.
                  | (SH +4) [demonic ancestry]
  4220 | D:4      | Reached XP level 7. HP: 35/52 MP: 7/7
  4357 | D:4      | Reached skill level 7 in Axes
  4928 | D:4      | Reached skill level 8 in Axes
  5264 | D:5      | Entered Level 5 of the Dungeon
  5312 | D:5      | Gained mutation: A meltable icy envelope protects you from
                  | harm. (AC +8) [demonic ancestry]
  5312 | D:5      | Reached XP level 8. HP: 58/58 MP: 8/8
  5658 | D:6      | Identified the ring of Ciyntasch {*Corrode rF+ rC+ rN++}
  5793 | D:6      | Reached skill level 9 in Axes
  6062 | D:6      | Reached skill level 10 in Axes
  6262 | D:6      | Noticed Blork the orc
  6268 | D:6      | Killed Blork the orc
  6269 | D:6      | Reached skill level 1 in Evocations
  6916 | D:7      | Reached XP level 9. HP: 57/63 MP: 9/9
  7011 | D:7      | Found a flagged portal.
  7158 | D:7      | Reached skill level 11 in Axes
  7602 | D:7      | Found a staircase to the Ecumenical Temple.
  7701 | D:7      | Found a sparkling altar of Nemelex Xobeh.
  7706 | D:7      | Found an ancient bone altar of Kikubaaqudgha.
  7964 | D:7      | Noticed Harold
  7988 | D:7      | Killed Harold
  7989 | D:7      | Reached skill level 12 in Axes
  8227 | Temple   | Entered the Ecumenical Temple
  8325 | Temple   | Became a worshipper of Hepliaklqana the Forgotten
  8580 | D:8      | Noticed a two-headed ogre
  8594 | D:8      | HP: 1/63 [two-headed ogre/+0 giant club (21)]
  9113 | D:8      | Reached skill level 13 in Axes
  9118 | D:8      | Gained mutation: You have a pair of horns on your head.
                  | [demonic ancestry]
  9118 | D:8      | Reached XP level 10. HP: 47/70 MP: 10/10
  9405 | D:8      | Killed a two-headed ogre
  9865 | D:9      | Reached skill level 14 in Axes
 10103 | D:9      | Reached * piety under Hepliaklqana
 10140 | D:9      | Found Mufarghar's Magic Scroll Emporium.
 10279 | D:9      | Noticed a six-headed hydra
 10295 | D:10     | Entered Level 10 of the Dungeon
 10801 | D:10     | Found a staircase to the Lair.
 10957 | D:10     | Reached ** piety under Hepliaklqana
 10958 | D:10     | Remembered your ancestor Beldrama as a hexer
 11480 | D:9      | Killed a six-headed hydra
 11481 | D:9      | Reached XP level 11. HP: 70/70 MP: 11/11
 11533 | D:11     | Noticed a cyan ugly thing
 11536 | D:11     | Reached skill level 5 in Fighting
 11564 | Lair:1   | Entered Level 1 of the Lair of Beasts
 11826 | Lair:1   | You fall into a shaft and drop 1 floor!
 11827 | Lair:2   | Noticed Urug
 11841 | Lair:2   | Killed Urug
 11842 | Lair:2   | Reached skill level 15 in Axes
 12305 | Lair:1   | Found a runed translucent door.
 12321 | Lair:1   | Reached *** piety under Hepliaklqana
 12322 | Lair:1   | Noticed Allula97's ghost (journeyman DsWr)
 12336 | Lair:1   | Reached skill level 5 in Armour
 12379 | Lair:1   | Killed Allula97's ghost
 12748 | Lair:2   | Identified the +5 dagger of Fortitude {vorpal, rC+ Str+3}
 12766 | Lair:2   | Noticed a four-headed hydra
 13273 | Lair:2   | Killed a four-headed hydra
 13346 | Lair:2   | Reached skill level 16 in Axes
 13346 | Lair:2   | Gained mutation: A meltable icy envelope protects you from
                  | harm. (AC +8) [demonic ancestry]
 13346 | Lair:2   | Reached XP level 12. HP: 39/80 MP: 12/12
 13830 | Lair:2   | Found a hole to the Spider Nest.
 14593 | Lair:3   | Reached **** piety under Hepliaklqana
 14723 | Lair:3   | Noticed a five-headed hydra
 15078 | Lair:3   | Killed a six-headed hydra
 15366 | Lair:3   | Found a staircase to the Shoals.
 16026 | Lair:3   | Noticed a four-headed hydra
 16036 | Lair:3   | Killed a four-headed hydra
 16120 | Lair:3   | Noticed a six-headed hydra
 16130 | Lair:3   | Killed a six-headed hydra
 16428 | Lair:4   | Noticed a catoblepas
 16454 | Lair:4   | Killed a catoblepas
 16694 | Lair:4   | Gained mutation: You are completely covered in razor-sharp
                  | scales. (AC +3, Slay +3) [demonic ancestry]
 16694 | Lair:4   | Reached XP level 13. HP: 83/90 MP: 13/13
 17161 | Lair:4   | Reached ***** piety under Hepliaklqana
 17589 | Lair:5   | Reached skill level 17 in Axes
 18089 | Lair:5   | Found a runed translucent door.
 18091 | Lair:5   | Noticed Cuirinieja's ghost (journeyman DECj)
 18117 | Lair:5   | Killed Cuirinieja's ghost
 18132 | Lair:5   | Got Tilasch's Tome of the Birds and the Arsonist
 18782 | Lair:6   | Entered Level 6 of the Lair of Beasts
 19039 | Lair:6   | Reached skill level 10 in Fighting
 19495 | Lair:6   | Found a viscous altar of Jiyva.
 19495 | Lair:6   | Found a staircase to the Slime Pits.
 19798 | Lair:6   | Reached skill level 10 in Armour
 20083 | Lair:6   | Gained mutation: Your presence sometimes corrodes those you
                  | injure. [demonic ancestry]
 20083 | Lair:6   | Reached XP level 14. HP: 57/101 MP: 14/14
 20146 | Lair:6   | Got the Grimoire of Sinister Battle Magic
 20151 | Lair:6   | Identified the ring of Lugonu's Generosity {rC++ Str+2
                  | Int+4 Dex+6}
 21551 | D:12     | Found a portal to a secret trove of treasure.
 21574 | D:12     | Found a gate leading to a gauntlet.
 21588 | Gauntlet | Entered a Gauntlet
 21588 | Gauntlet | Found a transporter.
 21588 | Gauntlet | Found a transporter.
 21614 | Gauntlet | Found a transporter.
 21614 | Gauntlet | Found a transporter.
 21624 | Gauntlet | Found a transporter.
 21628 | Gauntlet | Found a transporter.
 21643 | Gauntlet | Found a transporter.
 21659 | Gauntlet | Found a transporter.
 21676 | Gauntlet | Found a transporter.
 21680 | Gauntlet | Found a transporter.
 21692 | Gauntlet | Found a transporter.
 21694 | Gauntlet | Found a transporter.
 21745 | Gauntlet | Identified the +6 battleaxe of Conformity {drain, Str+4}
 21848 | Gauntlet | Identified the +0 helmet of the Unseen Realm {Will+}
 21954 | Gauntlet | Got Adiomam's Grimoire of Ignition and Dislocation
 22060 | D:12     | Found a staircase to the Orcish Mines.
 22072 | D:12     | Noticed Quickbrownfox's ghost (journeyman DsIE)
 22077 | D:12     | Found a runed translucent gate.
 22078 | D:12     | Found a runed translucent gate.
 22079 | D:12     | Found a runed translucent gate.
 22080 | D:12     | Found the +0 pair of fencer's gloves {Riposte Dex+3}
 22114 | D:12     | Killed Quickbrownfox's ghost
 22115 | D:12     | Reached skill level 18 in Axes
 22827 | D:13     | You fall into a shaft and drop 2 floors!
 22827 | D:15     | Entered Level 15 of the Dungeon
 22951 | D:14     | Found a frozen archway.
 22988 | IceCv    | Entered an ice cave
 23262 | IceCv    | Got Mnoleg's Papyrus of Creation
 23413 | IceCv    | Gained mutation: Your presence sometimes corrodes or
                  | deforms those you injure. [demonic ancestry]
 23413 | IceCv    | Reached XP level 15. HP: 80/111 MP: 15/15
 23631 | IceCv    | Reached skill level 19 in Axes
 23720 | IceCv    | Noticed a shard shrike
 23756 | IceCv    | HP: 5/111 [shard shrike (5)]
 23756 | IceCv    | Slain by a shard shrike

Illustrated notes

Levels and vault maps discovered:
D:1:      nicolae_arrival_washed_ashore, layout_loops_cross, serial_shops, shop,
          shop, shop, shop_coins, ebering_ecumenical_altar_webs
D:2:      layout_loops_corners, minmay_goblin_outpost
D:3:      layout_basic, roderic_malta_cross, hex_intersection, uniq_jessica,
          uniq_terence, uniq_natasha
D:4:      cheibrodos_barr_body, layout_basic, uniq_duvessa
D:5:      layout_rooms
D:6:      layout_basic, uniq_blork_the_orc
D:7:      layout_basic, mainiacjoe_overflow_big_doors,
          minmay_temple_entry_statues_fountains, enter_bailey_4,
          kb_lookout_dungeons_type, kennysheep_small_circle, uniq_harold
D:8:      layout_cave_pools
D:9:      layout_irregular_city, serial_shops, nicolae_shop_waterfront
D:10:     layout_irregular_city, erik_lair_orcish_takeover, minmay_statues_item,
          nicolae_wwwww
D:11:     layout_roguey
D:12:     layout_rooms, orc_0_dummy, biasface_ghost_orc_armoury,
          gauntlet_entry_generic, enter_trove_1
D:13:     layout_roguey, minivault_19, minmay_lindwurm_lava
D:14:     layout_gridville, hangedman_vaults_entry_quadrant_bands, fountainhead,
          portal_ice_cave_entry_ice_simulacra, gammafunk_ghost_spectres,
          grunt_ministairs_6, bh_walls_and_bars
D:15:     grunt_enter_depths_hoard, layout_basic, uniq_josephine
Temple:   mainiacjoe_temple_cubbyholes
Lair:1:   layout_roguey, hellmonk_ghost_happy_afterlife
Lair:2:   layout_layer_cave, spider_nest_entry_web_field, serial_bayou_shore_a,
          grunt_megastairs_2, lemuel_fruit_tree, lemuel_fruit_fields, uniq_urug
Lair:3:   cheibrodos_lair_overgrown_chateau, layout_gridlike,
          elwin_shoals_entry_stream, chequers_serial_rivers_micro_e,
          serial_bayou_lake_a
Lair:4:   layout_cave_pods
Lair:5:   layout_hall_layers, ebering_ghost_inner_flame
Lair:6:   grunt_lair_end_beastmaster, layout_cave_pods, slime_altar_1,
          serial_bayou_shore_b
IceCv:    ice_cave_caverns_02

Skill      XL: |  1  2  3  4  5  6  7  8  9 10 11 12 13 14 15 |
---------------+----------------------------------------------+-----
Axes           | 2 3 4 5 6 8 10 13 14 16 17 18 19 | 19.2
Throwing       | 1 |  1.3
Evocations     | 1 |  1.0
Fighting       | 4 6 9 11 13 | 13.5
Armour         | 3 6 8 10 11 | 11.2
Dodging        | |  0.2
Shields        | |  2.6

Action                   |  1- 3 |  4- 6 |  7- 9 | 10-12 | 13-15 || total
-------------------------+-------+-------+-------+-------+-------++-------
Melee: War axe           |   120 |   100 |   317 |   519 |   374 ||  1430
       Headbutt          |       |     7 |    69 |   144 |   172 ||   392
       Mace              |       |       |       |    16 |    15 ||    31
       Battleaxe         |       |       |       |       |   238 ||   238
Throw: Dart              |     1 |    17 |    18 |    16 |     1 ||    53
       Throwing net      |       |       |       |     1 |       ||     1
Invok: Ancestor Life: He |       |       |       |     1 |       ||     1
       Ancestor Identity |       |       |       |     1 |       ||     1
       Recall Ancestor   |       |       |       |       |     1 ||     1
Evoke: Wand              |       |     2 |     1 |    25 |     6 ||    34
  Use: Scroll            |       |     1 |    10 |    10 |    10 ||    31
       Potion            |       |     1 |       |     3 |     8 ||    12
 Stab: Distracted        |       |       |       |     7 |    12 ||    19
       Confused          |       |       |       |     7 |    11 ||    18
       Paralysed         |       |       |       |       |     3 ||     3
Armor: Scale mail        |    80 |    22 |       |       |   106 ||   208
       Chain mail        |       |    28 |   133 |   226 |   220 ||   607
Dodge: Dodged            |    73 |    28 |    95 |   144 |   232 ||   572
Block: Buckler           |    38 |    21 |   119 |   194 |   147 ||   519
       Other             |       |       |       |       |    36 ||    36
       Rpst.: Battleaxe  |       |       |       |       |    22 ||    22
